 Dungeon Crawl Stone Soup version 0.24-a0-408-gcc1054c (webtiles) character file.

Game seed: 8302435276227174629

81 Spazmo the Magician (level 4, 0/24 HPs)
             Began as a Deep Elf Fire Elementalist on June 5, 2019.
             Killed from afar by Natasha (7 damage)
             ... with a magic dart
             ... on level 3 of the Dungeon.
             The game lasted 00:04:36 (1786 turns).

Spazmo the Magician (Deep Elf Fire Elementalist)    Turns: 1786, Time: 00:04:36

Health: 0/24       AC:  2    Str:  5    XL:     4   Next: 20%
Magic:  0/12       EV: 13    Int: 21    God:
Gold:   137        SH:  0    Dex: 15    Spells: 5/11 levels left

rFire    . . .     SeeInvis .   e - +0 short sword
rCold    . . .     Gourm    .   (no shield)
rNeg     + . .     Faith    .   a - +0 robe
rPois    .         Spirit   .   (no helmet)
rElec    .         Reflect  .   (no cloak)
rCorr    .         Harm     .   (no gloves)
MR       .....                  (no boots)
Stlth    ++........             (no amulet)
HPRegen  0.08/turn              m - ring of positive energy
MPRegen  0.13/turn              (no ring)

@: no status effects
A: no striking features
a: no special abilities


You were on level 3 of the Dungeon.
You were not hungry.

You visited 1 branch of the dungeon, and saw 3 of its levels.

You collected 137 gold pieces.

Inventory:

Hand Weapons
 e - a +0 short sword (weapon)
Missiles
 b - 38 stones (quivered)
Armour
 a - a +0 robe (worn)
Jewellery
 m - a ring of positive energy (left hand)
Wands
 n - a wand of clouds (4)
Scrolls
 f - 3 scrolls of identify
Potions
 d - a potion of cancellation
 g - 2 potions of heal wounds
 h - a potion of haste {unknown}
 j - a potion of magic {unknown}
 k - a potion of curing
 l - a potion of invisibility {unknown}
Comestibles
 c - 8 rations
 i - 2 chunks of flesh


   Skills:
 - Level 2.4 Dodging
 - Level 2.4 Stealth
 + Level 4.2 Spellcasting
 + Level 2.7 Conjurations
 + Level 4.2 Fire Magic


You had 5 spell levels left.
You knew the following spells:

 Your Spells              Type           Power        Failure   Level  Hunger
a - Flame Tongue          Conj/Fire      ###..        2%          1    None
b - Throw Flame           Conj/Fire      ###...       4%          2    #......
c - Conjure Flame         Conj/Fire      ###.....     9%          3    ###....

Your spell library contained the following spells:

 Spells                   Type           Power        Failure   Level  Hunger
 Inner Flame              Hex/Fire       ##......     16%         3    ###....
 Sticky Flame             Conj/Fire      ###.....     28%         4    ####...
 Fireball                 Conj/Fire      ###.......   61%         5    ######.


Dungeon Overview and Level Annotations

Branches:
Dungeon (3/15)

Altars:

Annotations:
D:3 Natasha


Message History

Natasha is lightly wounded.
Natasha misses you.
You hit Natasha.
Natasha is moderately wounded.
Natasha barely misses you.
You hit Natasha.
Natasha is heavily wounded.
Natasha casts a spell at you. The magic dart hits you!
* * * LOW HITPOINT WARNING * * *
Casting: Flame Tongue (safe; 2% risk of failure)
Confirm with . or Enter, or press ? or * to list all spells.
Aiming: Flame Tongue (safe; 2% risk of failure)
Press: ? - help, Shift-Dir - straight line, f - Natasha
Aim: Natasha (heavily wounded)
The flame tongue hits Natasha.
Natasha is severely wounded.
Natasha stares at you and mumbles some strange words.
The magic dart hits you!
You die...

#.##....... #.######### .. #.#
... # #.# ...############.# #.#
.............)#.#######.#########
............)...##...............
##............####...............
........###...(h@'.....<...).....
......h.# #..#####...............
........# #..# #...............
........# #..# ################
...h?...# #..# ....g...+ ....
.....(..###..# ........# #..#
?.......#


You could see Natasha.

Vanquished Creatures
  3 adders (D:2)
  3 worms
  A dart slug (D:1)
  2 leopard geckos
  2 ball pythons (D:2)
  4 giant cockroaches
  5 goblins
  4 hobgoblins
  4 jackals (D:3)
  4 bats
  6 kobolds
  3 rats
41 creatures vanquished.

Notes
Turn   | Place    | Note
-------+----------+-------------------------------------------
     0 | D:1      | Spazmo the Deep Elf Fire Elementalist began the quest for
                  | the Orb.
     0 | D:1      | Reached XP level 1. HP: 10/10 MP: 6/6
   244 | D:1      | Reached XP level 2. HP: 15/15 MP: 6/8
   272 | D:1      | Learned a level 2 spell: Throw Flame
   905 | D:2      | Reached XP level 3. HP: 19/19 MP: 5/10
   910 | D:2      | Learned a level 3 spell: Conjure Flame
  1575 | D:3      | Reached XP level 4. HP: 24/24 MP: 7/12
  1758 | D:3      | Noticed Natasha
  1786 | D:3      | Killed from afar by Natasha

Levels and vault maps discovered:
D:1:      grunt_arrival_crossed_arrows, layout_loops_cross
D:2:      layout_loops_ring, first_ration
D:3:      layout_basic, uniq_natasha, uniq_sigmund

Skill      XL: |  1  2  3 |
---------------+----------+-----
Conjurations   | 2 |  2.7
Spellcasting   | 4 |  4.2
Fire Magic     | 4 |  4.2
Dodging        | |  2.4
Stealth        | |  2.4

Action                   |  1- 3 |  4- 6 || total
-------------------------+-------+-------++-------
Melee: Club              |     1 |       ||     1
       Short sword       |       |     4 ||     4
Throw: Stone             |     3 |     1 ||     4
 Cast: Flame Tongue      |    61 |    20 ||    81
       Throw Flame       |     6 |     1 ||     7
  Use: Scroll            |     6 |       ||     6
       Potion            |     2 |     1 ||     3
  Eat: Chunk             |     2 |     1 ||     3
Armor: Robe              |     4 |       ||     4
Dodge: Dodged            |     9 |    11 ||    20

Table legend:
 A = Non-vault XP
 B = Vault XP
 C = Vault XP percentage of total XP
 D = Non-vault monster count
 E = Vault monster count
 F = Vault count percentage of total count
                 A         B        C        D         E       F
            +---------+---------+-------+---------+---------+-------
      Total |     117 |       0 |   0.0 |      41 |       0 |   0.0
            +---------+---------+-------+---------+---------+-------
        D:1 |      25 |       0 |   0.0 |      12 |       0 |   0.0
        D:2 |      60 |       0 |   0.0 |      15 |       0 |   0.0
        D:3 |      32 |       0 |   0.0 |      14 |       0 |   0.0
            +---------+---------+-------+---------+---------+-------
